 Dungeon Crawl Stone Soup version 0.28-a0-863-g8cecda6153 (webtiles) character file.

Game seed: 9834637826973241907

81 AvatarAndi78 the Skirmisher (level 4, -5/37 HPs)
             Began as a Demonspawn Abyssal Knight on Nov 18, 2021.
             Was a Follower of Lugonu.
             Slain by a gnoll (9 damage)
             ... on level 2 of the Dungeon.
             The game lasted 00:02:40 (1711 turns).

AvatarAndi78 the Skirmisher (DsAK)                  Turns: 1711, Time: 00:02:41

Health: -5/37      AC:  3    Str: 14    XL:     4   Next: 20%
Magic:  6/6        EV: 12    Int: 11    God:    Lugonu [*.....]
Gold:   78         SH:  0    Dex: 14    Spells: 3/3 levels left

rFire   . . .      SeeInvis .   a - +1 hand axe
rCold   . . .      Faith    .   (no shield)
rNeg    . . .      Spirit   .   b - +0 leather armour
rPois   .          Reflect  .   (helmet restricted)
rElec   .          Harm     .   (no cloak)
rCorr   .          Rampage  .   (no gloves)
Will    .....                   (no boots)
Stlth   +.........              (no amulet)
HPRegen 0.12/turn               (no ring)
MPRegen 0.10/turn               (no ring)

@: no status effects
A: horns 1, sturdy frame 1
a: Renounce Religion, Depart the Abyss


You were on level 2 of the Dungeon.
You worshipped Lugonu.
Lugonu was aware of your devotion.
You visited 1 branch of the dungeon, and saw 2 of its levels.
You visited the Abyss 1 time.

You collected 78 gold pieces.

Inventory:

Hand Weapons
 a - a +1 hand axe (weapon)
Armour
 b - a +0 leather armour (worn)
Wands
 e - a wand of flame (1)
Scrolls
 d - a scroll of noise {unknown}
 f - a scroll of immolation {unknown}
 h - a scroll of magic mapping {unknown}
Potions
 c - 2 potions of ambrosia {unknown}
 g - 2 potions of curing {unknown}


   Skills:
 + Level 3.7 Fighting
 + Level 2.6 Axes
 + Level 2.1 Armour
 + Level 1.6 Dodging
 + Level 2.8 Invocations


You had 3 spell levels left.
You didn't know any spells.
Your spell library contained the following spells:

 Spells                   Type           Power      Damage    Failure   Level
 Call Canine Familiar     Summ           0%         N/A       73%         3
 Portal Projectile        Hex/Tloc       0%         N/A       73%         3
 Leda's Liquefaction      Hex/Erth       0%         N/A       98%         4


Dungeon Overview and Level Annotations

Branches:
Dungeon (2/15)

Altars:


Innate Abilities, Weirdness & Mutations

You have a pair of small horns on your head.
Your movements are slightly less encumbered by armour. (ER -2)


Message History

The gnoll is heavily wounded.
The gnoll hits you with a +0 flail.
The gnoll drinks a potion.
The gnoll seems to speed up.
You hit the gnoll.
The gnoll is heavily wounded.
The gnoll hits you with a +0 flail! The gnoll barely misses you.
You hit the gnoll. You headbutt the gnoll.
You kill the gnoll!
Lugonu accepts your kill. The gnoll closely misses you.
Aiming: Throw Flame
Press: ? - help, Shift-Dir - straight line, f - gnoll
Aim: a gnoll, wielding a +0 halberd of protection (fast, 72% to hit)
The puff of flame hits the gnoll but does no damage.
The gnoll barely misses you.
The gnoll hits you from afar with a +0 halberd of protection!
* * * LOW HITPOINT WARNING * * *
Aiming: Throw Flame
Press: ? - help, Shift-Dir - straight line, f/p - gnoll
Aim: a gnoll, wielding a +0 halberd of protection (fast, 72% to hit)
The puff of flame hits the gnoll but does no damage.
The gnoll barely misses you.
Aiming: Throw Flame
Press: ? - help, Shift-Dir - straight line, f/p - gnoll
Aim: a gnoll, wielding a +0 halberd of protection (fast, 72% to hit)
The puff of flame misses the gnoll.
The gnoll hits you from afar with a +0 halberd of protection.
* * * LOW HITPOINT WARNING * * *
The gnoll barely misses you.
Okay, then.
Okay, then.
The gnoll misses you.
Items here: ))) †.
You hit the gnoll.
The gnoll is moderately wounded.
The gnoll barely misses you. x2
You hit the gnoll but do no damage.
The gnoll is moderately wounded.
The gnoll hits you with a +0 halberd of protection!
You die...

###.). #.). ### ..
######... ..# #..
#........ #<# #.#
#....#... ##.##
#.# #....#... ...
#.# #...##..# #g#
#.###.####..#
#@####..........##
#.##...........###
#.[..#.......####.
######....#### #..
#.#### ##..
#...### #...
#.....## #...
#......###...
#.###..##....


You could see a gnoll (fast).

Vanquished Creatures
  Jessica (D:2)
  3 gnolls (D:2)
  A giant cockroach (D:2)
  4 goblins (D:2)
  A hobgoblin (D:1)
  A kobold (D:1)
  7 ball pythons
  4 bats
  2 frilled lizards
  2 rats (D:1)
26 creatures vanquished.

Notes
Turn   | Place    | Note
-------+----------+-------------------------------------------
     0 | Abyss:1  | AvatarAndi78 the Demonspawn Abyssal Knight began the quest
                  | for the Orb.
     0 | Abyss:1  | Reached XP level 1. HP: 18/18 MP: 2/2
    66 | Abyss:1  | Noticed a daeva
    69 | D:1      | Escaped the Abyss
   620 | D:1      | Gained mutation: You have a pair of small horns on your
                  | head. [demonic ancestry]
   620 | D:1      | Reached XP level 2. HP: 19/24 MP: 4/4
  1075 | D:2      | Noticed Jessica
  1085 | D:2      | Killed Jessica
  1086 | D:2      | Reached XP level 3. HP: 15/29 MP: 5/5
  1283 | D:2      | Found a faded altar of an unknown god.
  1634 | D:2      | Reached * piety under Lugonu
  1637 | D:2      | Reached skill level 1 in Dodging
  1701 | D:2      | Gained mutation: Your movements are slightly less
                  | encumbered by armour. (ER -2) [demonic ancestry]
  1701 | D:2      | Reached XP level 4. HP: 37/37 MP: 6/6
  1711 | D:2      | Slain by a gnoll

Illustrated notes

Levels and vault maps discovered:
D:1:      kilobyte_arrival_exit_the_forest, layout_basic,
          chequers_serial_rivers_large_a
D:2:      minmay_recursive_quarters, layout_loops_cross,
          shapermc_ecumenical_altar_starsandcircs, uniq_jessica,
          uniq_crazy_yiuf_cottage

Skill      XL: |  1  2  3 |
---------------+----------+-----
Axes           | 2 |  2.6
Armour         | 2 |  2.1
Dodging        | 1 |  1.6
Fighting       | |  3.7
Invocations    | |  2.8

Action                   |  1- 3 |  4- 6 || total
-------------------------+-------+-------++-------
Melee: Hand axe          |    57 |     6 ||    63
       Headbutt          |     6 |     2 ||     8
Invok: Depart the Abyss  |     1 |       ||     1
Evoke: Wand              |     6 |     3 ||     9
Armor: Leather armour    |    25 |       ||    25
Dodge: Dodged            |    46 |     9 ||    55

Table legend: (Time is in decaauts)
 A = Elapsed time spent in this place.
 B = Non-inter-level travel time spent in this place.
 C = Inter-level travel time spent in this place.
 D = Time resting spent in this place.
 E = Time spent auto-exploring this place.
 F = Levels seen in this place.
 G = Mean time per level.
                   A        B        C        D        E       F      G
               +--------+--------+--------+--------+--------+-----+--------+
         Total |   1744 |   1718 |     26 |      0 |   1552 |   3 |  581.3 |
       Dungeon |   1675 |   1649 |     26 |      0 |   1488 |   2 |  837.5 |
         Abyss |     69 |     69 |      0 |      0 |     64 |   1 |   69.0 |
               +--------+--------+--------+--------+--------+-----+--------+

Top non-repeatable levels by time:
     D:1: 1009 daAuts
     D:2: 666 daAuts
 Abyss:1: 69 daAuts
